[Event "XVI Memorial Lezcano Montalvo 2024"]
[Site "Gran Canaria"]
[Date "2024.03.28"]
[Round "6.35"]
[White "Perez Betancor, Jose Luis"]
[Black "Ramos Santana, Marcelino"]
[Result "0-1"]
[ECO "B22"]
[WhiteElo "1765"]
[BlackElo "1897"]
[Annotator "NA RC"]
[PlyCount "52"]
[EventDate "2024.03.23"]
[EventType "swiss"]
[EventCountry "ESP"]
[SourceTitle "playchess.com"]
[Source "ChessBase"]
[SourceQuality "1"]
[TimeControl "5400+30"]

1. e4 c5 2. d4 cxd4 3. c3 Nf6 4. e5 Nd5 5. Qxd4 e6 6. Nf3 Nc6 7. Qe4 f5 8. Qe2 Qc7 9. g3 b6 10. Bg2 Ncb4 11. Na3 Ba6 12. c4 Rc8 13. O-O Bxc4 14. Nxc4 Qxc4 15. Qxc4 Rxc4 16. Bd2 Nd3 17. b3 Rc2 18. Rfd1 Bc5 19. Rf1 O-O 20. a3 b5 21. b4 Bb6 22. a4 bxa4 23. Ra3 N3xb4 24. Bxb4 Nxb4 25. Ne1 Ra2 26. Rc3 a3 0-1

[Event "XVI Memorial Lezcano Montalvo 2024"]
[Site "Gran Canaria"]
[Date "2024.03.28"]
[Round "6.36"]
[White "Broeder, Hans-Gert"]
[Black "Illana Elorduy, Jesus Eusebio"]
[Result "1-0"]
[ECO "C47"]
[WhiteElo "1860"]
[BlackElo "1623"]
[Annotator "NA RC"]
[PlyCount "47"]
[EventDate "2024.03.23"]
[EventType "swiss"]
[EventCountry "ESP"]
[SourceTitle "playchess.com"]
[Source "ChessBase"]
[SourceQuality "1"]
[TimeControl "5400+30"]

1. e4 Nf6 2. Nc3 e5 3. Nf3 Nc6 4. d4 Bb4 5. Nxe5 Nxe4 6. Qg4 Nxc3 7. Qxg7 Rf8 8. a3 Nd5+ 9. axb4 Nxd4 10. Bh6 Ne6 11. Qxh7 Qe7 12. Bxf8 Nxf8 13. Qg7 d6 14. O-O-O dxe5 15. Rxd5 Be6 16. Rxe5 O-O-O 17. Bc4 Qxb4 18. Bxe6+ fxe6 19. Rd1 Qf4+ 20. Re3 Rxd1+ 21. Kxd1 Qxf2 22. Rf3 Qg1+ 23. Kd2 Nh7 24. Qh8+ 1-0

[Event "XVI Memorial Lezcano Montalvo 2024"]
[Site "Gran Canaria"]
[Date "2024.03.28"]
[Round "6.37"]
[White "Ascension Suarez, Joel"]
[Black "Gonzalez Ortega, Jose Miguel"]
[Result "1-0"]
[ECO "E01"]
[WhiteElo "1731"]
[BlackElo "1858"]
[Annotator "NA RC"]
[PlyCount "99"]
[EventDate "2024.03.23"]
[EventType "swiss"]
[EventCountry "ESP"]
[SourceTitle "playchess.com"]
[Source "ChessBase"]
[SourceQuality "1"]
[TimeControl "5400+30"]

1. Nf3 Nf6 2. d4 d5 3. c4 e6 4. g3 c6 5. Bg2 Bd6 6. Nbd2 Nbd7 7. O-O O-O 8. b3 a5 9. a3 b5 10. c5 Bc7 11. Qc2 e5 12. e4 exd4 13. Nxd4 Be5 14. Nxc6 Qc7 15. Nxe5 Qxe5 16. Bb2 d4 17. f4 Qe6 18. Bxd4 Bb7 19. Rfe1 Qa6 20. Bf1 Qc6 21. a4 bxa4 22. bxa4 Ba6 23. Bxa6 Rxa6 24. Qc4 Re8 25. Qb5 Qc8 26. e5 Nh5 27. Ne4 Rd8 28. Nd6 Rxd6 29. cxd6 Nf8 30. Rac1 Qg4 31. Qe2 Qg6 32. Be3 Ne6 33. Qd2 Qg4 34. d7 Nf8 35. Rc7 g6 36. Bc5 Nxg3 37. hxg3 Qxg3+ 38. Kf1 Qf3+ 39. Bf2 Qh3+ 40. Kg1 Kg7 41. Qc3 Qe6 42. Rc6 Qg4+ 43. Kf1 Ne6 44. Rxe6 Qxe6 45. Rd1 h5 46. Rd6 Qf5 47. e6+ Kh7 48. Qd3 Qxd3+ 49. Rxd3 fxe6 50. Bb6 1-0

[Event "XVI Memorial Lezcano Montalvo 2024"]
[Site "Gran Canaria"]
[Date "2024.03.28"]
[Round "6.39"]
[White "Sarmiento Afonso, Santiago"]
[Black "Macias Reyes, Jose Luis"]
[Result "1-0"]
[ECO "A07"]
[WhiteElo "2023"]
[BlackElo "1677"]
[Annotator "NA RC"]
[PlyCount "61"]
[EventDate "2024.03.23"]
[EventType "swiss"]
[EventCountry "ESP"]
[SourceTitle "playchess.com"]
[Source "ChessBase"]
[SourceQuality "1"]
[TimeControl "5400+30"]

1. Nf3 d5 2. d3 Nf6 3. g3 c6 4. Bg2 Bf5 5. Nbd2 Nbd7 6. Nh4 Bg4 7. h3 Bh5 8. c4 e6 9. Qc2 Bd6 10. g4 Ng8 11. Ndf3 Be7 12. cxd5 exd5 13. Nf5 Bg6 14. Nxg7+ Kf8 15. Nf5 Bxf5 16. gxf5 f6 17. Nd4 Qa5+ 18. Bd2 Bb4 19. Ne6+ Kf7 20. Bxb4 Qxb4+ 21. Qd2 Qxd2+ 22. Kxd2 Ne7 23. e4 a5 24. Bf3 h5 25. Rhg1 Rag8 26. Rxg8 Kxg8 27. Rg1+ Kf7 28. Rg7+ Ke8 29. Nf4 Kf8 30. Rxe7 Kxe7 31. Ng6+ 1-0

[Event "XVI Memorial Lezcano Montalvo 2024"]
[Site "Gran Canaria"]
[Date "2024.03.28"]
[Round "6.40"]
[White "Perez Celis, Alba"]
[Black "Sanchez Arencibia, Heriberto"]
[Result "1-0"]
[ECO "C02"]
[WhiteElo "1854"]
[BlackElo "1636"]
[Annotator "NA RC"]
[PlyCount "101"]
[EventDate "2024.03.23"]
[EventType "swiss"]
[EventCountry "ESP"]
[SourceTitle "playchess.com"]
[Source "ChessBase"]
[SourceQuality "1"]
[TimeControl "5400+30"]

1. e4 e6 2. d4 d5 3. e5 c5 4. c3 Nc6 5. Nf3 Qb6 6. a3 c4 7. a4 Bd7 8. g3 Na5 9. Nbd2 Ne7 10. Bh3 h6 11. Nh4 g5 12. Nhf3 O-O-O 13. Rb1 Qc7 14. O-O Kb8 15. Ne1 Nc8 16. Ra1 Nb6 17. Qc2 Be7 18. Ng2 h5 19. Ne3 g4 20. Bg2 Rdg8 21. Re1 h4 22. Qd1 hxg3 23. fxg3 f5 24. exf6 Bxf6 25. Nxg4 Be7 26. Ne5 Bd6 27. Ra2 Bc8 28. Ndf3 Qh7 29. Bf4 Ka8 30. Qd2 Nb3 31. Qf2 Na5 32. Bf1 Qf5 33. Bg2 Qh7 34. Qe3 Qf5 35. Rf1 Qf8 36. Nh4 Bxe5 37. Bxe5 Qh6 38. Qe2 Rh7 39. Raa1 Qh5 40. Qxh5 Rxh5 41. Rf7 Nd7 42. Bc7 b6 43. Re1 Kb7 44. Bd6 Rh6 45. Bf4 Rf6 46. Re7 Ka6 47. R1xe6 Rxe6 48. Rxe6 Nc5 49. Re7 Nd3 50. Bxd5 Nxf4 51. Bxg8 1-0

[Event "XVI Memorial Lezcano Montalvo 2024"]
[Site "Gran Canaria"]
[Date "2024.03.28"]
[Round "6.41"]
[White "Martinez Correa, Rafael"]
[Black "Rivero Reyes, Alejandro"]
[Result "0-1"]
[ECO "B50"]
[WhiteElo "1597"]
[BlackElo "1799"]
[Annotator "NA RC"]
[PlyCount "97"]
[EventDate "2024.03.23"]
[EventType "swiss"]
[EventCountry "ESP"]
[SourceTitle "playchess.com"]
[Source "ChessBase"]
[SourceQuality "1"]
[TimeControl "5400+30"]

1. e4 c5 2. Nf3 d6 3. Be2 Nf6 4. c3 Bd7 5. Qc2 Qc7 6. O-O g6 7. Re1 Bg7 8. Bf1 O-O 9. d3 e5 10. Nbd2 Nc6 11. a4 d5 12. exd5 Nxd5 13. Nc4 Rfe8 14. Be3 Nxe3 15. Rxe3 Re7 16. Nfd2 Rd8 17. Ne4 b6 18. Rae1 Bf5 19. h3 Red7 20. Rd1 Be6 21. Ree1 h6 22. Ned2 a6 23. Nf3 b5 24. Ncd2 Ne7 25. c4 bxc4 26. Nxc4 Nc6 27. Qe2 Nd4 28. Nxd4 exd4 29. Rc1 h5 30. Qd2 Rb8 31. a5 Kh7 32. Ra1 Bxc4 33. dxc4 d3 34. Ra2 Bh6 35. Qd1 d2 36. Re4 Re7 37. Rxe7 Qxe7 38. Be2 Re8 39. Kf1 Qe5 40. g3 Qe4 41. f3 Qe5 42. f4 Qe4 43. b3 Qh1+ 44. Kf2 Qh2+ 45. Kf3 h4 46. gxh4 Qxh3+ 47. Kf2 Bxf4 48. Rxd2 Be3+ 49. Ke1 0-1

[Event "XVI Memorial Lezcano Montalvo 2024"]
[Site "Gran Canaria"]
[Date "2024.03.28"]
[Round "6.42"]
[White "Almeida Afonso, Dolores Francisca"]
[Black "Grube, Kurt"]
[Result "0-1"]
[ECO "B30"]
[WhiteElo "1572"]
[BlackElo "1773"]
[Annotator "NA RC"]
[PlyCount "56"]
[EventDate "2024.03.23"]
[EventType "swiss"]
[EventCountry "ESP"]
[SourceTitle "playchess.com"]
[Source "ChessBase"]
[SourceQuality "1"]
[TimeControl "5400+30"]

1. e4 c5 2. Nf3 Nc6 3. Nc3 e6 4. Bc4 a6 5. a3 Nd4 6. d3 b5 7. Ba2 Be7 8. Be3 Nxf3+ 9. Qxf3 Bb7 10. Qg3 d5 11. exd5 exd5 12. d4 Bf6 13. Rd1 c4 14. O-O Ne7 15. Bg5 Bxg5 16. Qxg5 O-O 17. Ne2 Ng6 18. Qg3 Qf6 19. c3 Bc8 20. Bb1 Bf5 21. Bxf5 Qxf5 22. Rd2 Rfe8 23. f4 Re4 24. Rf3 Rae8 25. Qf2 R4e7 26. h3 h6 27. Ng3 Qb1+ 28. Qf1 Re1 0-1

[Event "XVI Memorial Lezcano Montalvo 2024"]
[Site "Gran Canaria"]
[Date "2024.03.29"]
[Round "7.1"]
[White "Kurajica, Bojan"]
[Black "Larino Nieto, David"]
[Result "0-1"]
[ECO "A54"]
[WhiteElo "2444"]
[BlackElo "2365"]
[Annotator "TA"]
[PlyCount "38"]
[EventDate "2024.03.23"]
[EventType "swiss"]
[EventCountry "ESP"]
[SourceTitle "playchess.com"]
[Source "ChessBase"]
[SourceQuality "1"]
[TimeControl "5400+30"]

1. d4 d6 2. Nf3 Nd7 3. g3 e5 4. c4 c6 5. Nc3 Ngf6 6. Bg2 e4 7. Ng5 d5 8. cxd5 cxd5 9. Qb3 Nb6 10. f3 h6 11. Nxf7 Kxf7 {[%emt 0:00:27] The position is equal.} 12. fxe4 {[%emt 0:00:07][%cal Oe1g1] 0-0! is the strong threat.} Be6 {[%emt 0:07:35] Strongly threatening ...dxe4.} 13. exd5 (13. e5 $11) 13... Nbxd5 $15 {[%emt 0:06:02] White must now prevent ...Bb4.} 14. Qxb7+ Be7 15. O-O Nb6 ({Black should play} 15... Rb8 $17 16. Qxa7 Nxc3 17. bxc3 Bd5) 16. Qe4 Qd7 17. Qf4 {[%emt 0:10:51] [#]} (17. a4 $15 Rac8 18. Qd3) 17... Rac8 $1 $19 {[%emt 0:05:08] Black is clearly better.} 18. e4 Qxd4+ 19. Be3 {[%emt 0:00:15] [#]} Qxe3+ $3 {[%emt 0:00:15][%mdl 512] Weighted Error Value: White=0.40/Black=0.12 (very precise) .  Mistake:       	White=2     	Black=1      Inaccurate:     	White=1     	---        OK:         	White=2     	Black=3      Best:        	White=1     	Black=2      Strong:       	---       	Black=1      Brilliant:      	---       	Black=1} 0-1

[Event "XVI Memorial Lezcano Montalvo 2024"]
[Site "Gran Canaria"]
[Date "2024.03.29"]
[Round "7.4"]
[White "Akhvlediani, Irakli"]
[Black "Hernandez Leon, Alberto"]
[Result "1-0"]
[ECO "D36"]
[WhiteElo "2356"]
[BlackElo "2207"]
[Annotator "RC"]
[PlyCount "103"]
[EventDate "2024.03.23"]
[EventType "swiss"]
[EventCountry "ESP"]
[SourceTitle "playchess.com"]
[Source "ChessBase"]
[SourceQuality "1"]
[TimeControl "5400+30"]

1. c4 e6 2. Nc3 d5 3. d4 Nf6 4. cxd5 exd5 5. Bg5 Be7 6. e3 c6 7. Bd3 Nbd7 8. Qc2 Nh5 9. Bxe7 Qxe7 10. Nge2 g6 11. O-O O-O 12. Rae1 Ndf6 13. Nc1 Ng7 14. f3 c5 15. dxc5 Qxc5 16. Nb3 Qe7 17. Qd2 Be6 18. Nd4 Rfd8 19. Rc1 Rac8 20. Nce2 Re8 21. Rxc8 Bxc8 22. Rc1 Bd7 23. Rc7 Qxe3+ 24. Qxe3 Rxe3 25. Bc2 Bc6 26. Kf2 Rxe2+ 27. Nxe2 Ne6 28. Rc8+ Kg7 29. Ke3 d4+ 30. Kd2 Nd5 31. Bb3 Kf6 32. Bxd5 Bxd5 33. Kd3 Ke5 34. f4+ Nxf4+ 35. Nxf4 Kxf4 36. g3+ Ke5 37. Re8+ Be6 38. Re7 a6 39. b3 b5 40. Ra7 g5 41. Rxa6 Bh3 42. Ra5 Bf1+ 43. Kd2 Ke4 44. Ra7 f5 45. Rxh7 f4 46. gxf4 gxf4 47. h4 f3 48. Rf7 Bh3 49. h5 Bf5 50. h6 d3 51. h7 f2 52. Rxf5 1-0

[Event "XVI Memorial Lezcano Montalvo 2024"]
[Site "Gran Canaria"]
[Date "2024.03.29"]
[Round "7.5"]
[White "Dvirnyy, Danyyil"]
[Black "Van Zyl-Rudd, Jack"]
[Result "1-0"]
[ECO "D24"]
[WhiteElo "2482"]
[BlackElo "2264"]
[Annotator "TA"]
[PlyCount "73"]
[EventDate "2024.03.23"]
[EventType "swiss"]
[EventCountry "ESP"]
[SourceTitle "playchess.com"]
[Source "ChessBase"]
[SourceQuality "1"]
[TimeControl "5400+30"]

1. Nf3 d5 2. d4 Nf6 3. c4 e6 4. Bg5 dxc4 5. Nc3 a6 6. a4 c5 7. e3 cxd4 8. Nxd4 ({White should try} 8. Qxd4 $11 Qxd4 9. exd4) 8... Bd7 {[%emt 0:03:18] Black is slightly better.} 9. Bxc4 Nc6 10. O-O Be7 11. Nf3 O-O 12. e4 Rc8 13. Qe2 Qc7 14. Rad1 (14. e5 $11 Ng4 15. Bxe7 Nxe7 16. Bd3) 14... Rfd8 15. e5 Ng4 16. Bf4 Ncxe5 17. Ba2 (17. Nxe5 {simplifies} Nxe5 18. Ba2 f6 19. Bxe5 fxe5 20. Qg4) 17... Nxf3+ (17... Bf6 $1 $11 {keeps the balance.}) 18. Qxf3 $16 Ne5 (18... e5 $16 19. Nd5 (19. Bxf7+ Kh8 $18) 19... Qc5) 19. Qh5 g5 {[%emt 0:17:52] [#]} (19... Bf6 $16) 20. Bb1 $2 (20. Bxg5 Bxg5 21. Qxg5+ Ng6) (20. Bg3 $1 $18 Qa5 21. Rd5 exd5 22. Bxe5) 20... f5 $1 $132 {[%emt 0:00:42][%mdl 2048] Black is not keeping still} ({Weaker is} 20... gxf4 21. Qxh7+ Kf8 22. Qh8#) ({Don't go for} 20... Nf3+ $2 21. gxf3 f5 22. Bxc7 $18) 21. Bxg5 Be8 22. Qh4 Ng6 23. Qh5 Ne5 24. Qh4 {[%emt 0:00:21] Threatens to win with Ba2.} Ng6 25. Qh6 Rxd1 26. Rxd1 Bf7 27. Bxe7 Qxe7 28. Qe3 Rd8 29. Re1 Qf6 30. Qb6 Rd7 31. Ba2 Re7 32. g3 {[%emt 0:00:27] [#] Strongly threatening Nd5.} Kg7 $1 33. Qc5 e5 34. Bxf7 Rxf7 35. Rd1 h5 36. h4 {[%emt 0:01:12] Rd6 is the strong threat.} Re7 $2 (36... f4 $11) 37. Nd5 $1 {[%emt 0:00:23][%csl LRe7,LRf6] Weighted Error Value: White=0.19 (very precise) /Black=0.22 (precise) .  Loses game:     	---       	Black=1      Missed win:     	White=1     	---        Mistake:       	White=2     	Black=3      Inaccurate:     	---       	Black=3      OK:         	White=10    	Black=4      Best:        	White=2     	Black=1      Strong:       	---       	Black=2} 1-0

[Event "XVI Memorial Lezcano Montalvo 2024"]
[Site "Gran Canaria"]
[Date "2024.03.29"]
[Round "7.6"]
[White "Oudeh Mishmesh, Omar"]
[Black "Omelja, Artem"]
[Result "1/2-1/2"]
[ECO "B13"]
[WhiteElo "2301"]
[BlackElo "2438"]
[Annotator "RC"]
[PlyCount "32"]
[EventDate "2024.03.23"]
[EventType "swiss"]
[EventCountry "ESP"]
[SourceTitle "playchess.com"]
[Source "ChessBase"]
[SourceQuality "1"]
[TimeControl "5400+30"]

1. e4 c6 2. d4 d5 3. exd5 cxd5 4. Bd3 Nc6 5. c3 Nf6 6. h3 g6 7. Nf3 Bg7 8. Qc2 O-O 9. O-O Ne8 10. Bf4 Nd6 11. Nbd2 Bf5 12. Bxf5 Nxf5 13. Rfe1 e6 14. Qd3 Nd6 15. h4 b5 16. h5 Re8 1/2-1/2

[Event "XVI Memorial Lezcano Montalvo 2024"]
[Site "Gran Canaria"]
[Date "2024.03.29"]
[Round "7.7"]
[White "Fiorito, Fabian"]
[Black "Yankelevich, Lev"]
[Result "1/2-1/2"]
[ECO "A50"]
[WhiteElo "2251"]
[BlackElo "2412"]
[Annotator "TA"]
[PlyCount "45"]
[EventDate "2024.03.23"]
[EventType "swiss"]
[EventCountry "ESP"]
[SourceTitle "playchess.com"]
[Source "ChessBase"]
[SourceQuality "1"]
[TimeControl "5400+30"]

1. Nf3 Nf6 2. g3 b6 3. Bg2 Bb7 4. O-O g6 5. c4 Bg7 6. d4 O-O 7. d5 Na6 8. Nc3 {[%emt 0:00:06] Wards off Ne4} Nc5 9. Re1 e6 {[%emt 0:08:52] White is slightly better.} 10. e4 {[%emt 0:01:16] Black must now prevent e5.} d6 11. dxe6 ({White should try} 11. Nd4 $14) 11... Nxe6 12. Ng5 {[%emt 0:05:49][%cal Bf3g5,Bg5h3,Bh3f4][%mdl 32] [#] e5 is the strong threat.} Nc5 13. Nh3 Re8 14. f3 Nfd7 15. Bg5 Bf6 (15... Qc8 $15) 16. Bxf6 Qxf6 17. Nf4 c6 $1 18. Rc1 Ne5 19. b4 Ne6 20. Nxe6 Qxe6 21. Ne2 Qe7 (21... Nxc4 $2 {perishes.} 22. Nf4 Qe5 23. Rxc4 $18) (21... c5 $11) 22. b5 ({Better is} 22. f4 $14) 22... Qe6 $2 {[%mdl 8192] [#]} (22... cxb5 $11 {and Black stays safe.} 23. cxb5 Rac8) 23. Nc3 $2 {Weighted Error Value: White=0.18 (very precise) /Black=0.48.  Loses game:     	---       	Black=1      Missed win:     	White=1     	---        Mistake:       	White=2     	Black=2      Inaccurate:     	White=1     	Black=1      OK:         	White=4     	Black=4      Best:        	White=1     	---        Strong:       	---       	Black=1} (23. f4 $1 $18) 1/2-1/2

[Event "XVI Memorial Lezcano Montalvo 2024"]
[Site "Gran Canaria"]
[Date "2024.03.29"]
[Round "7.8"]
[White "Garcia Padron, Jose"]
[Black "Loiacono, Leonardo"]
[Result "0-1"]
[ECO "D29"]
[WhiteElo "2385"]
[BlackElo "2316"]
[Annotator "RC"]
[PlyCount "56"]
[EventDate "2024.03.23"]
[EventType "swiss"]
[EventCountry "ESP"]
[SourceTitle "playchess.com"]
[Source "ChessBase"]
[SourceQuality "1"]
[TimeControl "5400+30"]

1. d4 Nf6 2. Nf3 c5 3. e3 d5 4. c4 dxc4 5. Bxc4 e6 6. O-O a6 7. Qe2 b5 8. Bb3 Bb7 9. Rd1 Nbd7 10. a4 b4 11. Nbd2 Qc7 12. Bc4 cxd4 13. exd4 Bd6 14. b3 Nb6 15. Bb2 Nxc4 16. bxc4 O-O 17. d5 Nh5 18. g3 exd5 19. Nh4 g6 20. cxd5 Qc2 21. Rab1 Bxd5 22. Rdc1 Rae8 23. Qxa6 Qxd2 24. Qxd6 Re6 25. Qc7 Rfe8 26. Ng2 Qe2 27. Nf4 Nxf4 28. Qxf4 Qe1+ 0-1

[Event "XVI Memorial Lezcano Montalvo 2024"]
[Site "Gran Canaria"]
[Date "2024.03.29"]
[Round "7.9"]
[White "Strikovic, Aleksa"]
[Black "Tytynnik, Artem"]
[Result "1-0"]
[ECO "A16"]
[WhiteElo "2430"]
[BlackElo "2197"]
[Annotator "TA"]
[PlyCount "95"]
[EventDate "2024.03.23"]
[EventType "swiss"]
[EventCountry "ESP"]
[SourceTitle "playchess.com"]
[Source "ChessBase"]
[SourceQuality "1"]
[TimeControl "5400+30"]

1. c4 Nf6 2. Nc3 d5 3. cxd5 Nxd5 4. g3 g6 5. Bg2 Nxc3 6. bxc3 Bg7 7. h4 h5 8. Nf3 O-O 9. Ng5 Nd7 {[%emt 0:03:44] White is slightly better.} 10. O-O c5 11. Rb1 Rb8 12. d4 b6 13. e4 Bb7 14. Be3 {[%emt 0:10:35] White is more active.} e6 15. Qb3 Qe7 16. Rfd1 cxd4 17. cxd4 Rbc8 18. a4 Ba6 ({Black should try} 18... Rc7) 19. Rbc1 (19. e5 $142) 19... Nf6 20. d5 (20. e5 $16 Ng4 21. d5 Rxc1 22. Rxc1 (22. Bxc1 Qc5 $11) 22... exd5 23. Bxd5 Bxe5 24. Re1) 20... exd5 $14 21. exd5 {[%emt 0:00:01] d6 would now be deadly.} Rxc1 22. Bxc1 {[%emt 0:00:31][%cal Be3c1,Bc1a3,Ba3e7][%mdl 32] Ba3 is the strong threat.} Ng4 $2 (22... Qe2 $11 {and Black is okay.}) 23. Ba3 $1 $18 Qe2 24. Qf3 Qxf3 (24... Nxf2 $2 25. Qxe2 Bxe2 26. Rd2 $18) 25. Bxf3 Rd8 {[%emt 0:00:40] [#]} (25... Rb8 {was necessary.} 26. Bxg4 (26. d6 Ne5 $18) 26... hxg4) 26. Be7 $1 (26. d6 Bc4 $14) 26... Rd7 27. d6 Ne5 {[%emt 0:00:19] Wards off Bc6} 28. Bd5 {[%emt 0:04:13] Strongly threatening f4.} Bc4 {[%emt 0:04:19] [#]} 29. Nxf7 $2 Bxd5 $14 30. Nxe5 Bxe5 {[%emt 0:00:08] White stays focused until the end.} (30... Bb3 $16 {keeps fighting.} 31. Nxd7 Bxd1) 31. Rxd5 $18 {[%emt 0:00:03][%mdl 4096] Endgame. KRB-KRB} Bc3 32. f4 Bb4 $2 (32... Kf7 33. f5 gxf5) 33. Kg2 Kf7 34. f5 gxf5 35. Rxf5+ Ke6 36. Rxh5 Bxd6 37. Bxd6 Kxd6 {[%emt 0:00:14] KR-KR} 38. Rh8 Ke5 39. Rf8 Rd2+ 40. Kh3 a5 41. Rf4 Rb2 42. h5 Rb4 (42... b5 $142 43. axb5 Rxb5) 43. h6 {[%emt 0:01:57] White wants to mate with h7.} Rxf4 44. gxf4+ {[%emt 0:00:04] White mates.} Kf6 {[%emt 0:00:05] [#]} 45. f5 $1 b5 (45... Kg5 46. h7) 46. axb5 a4 47. b6 a3 48. b7 {[%emt 0:00:20] Weighted Error Value: White=0.24 (precise) /Black=0.46.  Loses game:     	---       	Black=2      Missed win:     	White=1     	---        Mistake:       	White=2     	Black=3      Inaccurate:     	White=2     	Black=7      OK:         	White=16    	Black=10     Best:        	White=1     	Black=3      Strong:       	White=2     	---} 1-0

[Event "XVI Memorial Lezcano Montalvo 2024"]
[Site "Gran Canaria"]
[Date "2024.03.29"]
[Round "7.10"]
[White "Fiorito, Joaquin"]
[Black "Lizzul Coppe, Mirko"]
[Result "1/2-1/2"]
[ECO "D90"]
[WhiteElo "2409"]
[BlackElo "2027"]
[Annotator "TA"]
[PlyCount "89"]
[EventDate "2024.03.23"]
[EventType "swiss"]
[EventCountry "ESP"]
[SourceTitle "playchess.com"]
[Source "ChessBase"]
[SourceQuality "1"]
[TimeControl "5400+30"]

1. d4 Nf6 2. c4 g6 3. Nc3 d5 4. Nf3 Bg7 5. h4 h5 (5... dxc4 $11 {deserves consideration.} 6. e4 c5) 6. Bg5 $14 c6 7. Bxf6 ({Better is} 7. cxd5 $14 Nxd5 8. e4) 7... Bxf6 $11 8. Qb3 {[%emt 0:00:07] The position is equal.} dxc4 9. Qxc4 O-O 10. e4 b5 11. Qd3 b4 12. Ne2 {[%emt 0:03:41] [#]} e5 $1 13. Rd1 (13. O-O-O exd4) 13... Ba6 (13... exd4 $17 {Strongly threatening ...c5.} 14. e5 Re8 15. exf6 c5) 14. Qb3 (14. Qc2 {simplifies} Qc7 15. dxe5 Bxe5 16. Nxe5 Qxe5 17. f4) 14... exd4 15. e5 c5 {[%emt 0:05:47][%cal Od4d3] White must now prevent ...d3!} 16. Nf4 {[%emt 0:06:18][%cal Of4g6] Hoping for Nxg6!} Re8 17. Bxa6 Bxe5 $2 {[%emt 0:03:42] [#]} (17... Nxa6 $14 18. O-O (18. Nxg6 Bg7 $11) 18... Bxe5 19. Nxe5 Rxe5) 18. Bb5 $2 ({Don't take} 18. Nxg6 $6 Bg7+) (18. Nxe5 $18 Rxe5+ 19. Be2) 18... Bxf4+ $15 19. Bxe8 Qxe8+ 20. Kf1 Nd7 21. g3 Bh6 (21... Qe4 $5 22. gxf4 c4 23. Rxd4 (23. Qxc4 $2 {is the wrong capture.} Qxf3 24. Qxd4 Qxh1+ $19) 23... Qxd4 24. Nxd4 cxb3 25. Nxb3 Nb6 $15) 22. Qd5 {[%emt 0:03:28] Prevents Qe4} Rc8 23. Kg2 Nb6 24. Qb7 Qd7 25. Qxd7 Nxd7 26. Rhe1 Bf8 {[%emt 0:01:12] Prevents Re7} 27. b3 Nb6 28. Ne5 Nd5 (28... a5 $15) 29. Nc4 $11 Nc3 30. Rd3 Rc7 31. Ra1 Rc6 32. a3 Ra6 33. a4 Re6 {[%emt 0:00:33] Wards off Re1} 34. Kf1 Bg7 (34... Kg7 $17) 35. a5 a6 ({Black should play} 35... Kf8 $15) 36. Nb6 (36. Re1 $11) 36... f6 $36 {[%emt 0:00:51][%mdl 2048] Black has good play.} 37. Nd7 Rc6 38. Re1 Kf7 {[%emt 0:00:20] Prevents Re8.} 39. Nb6 Bf8 40. Rf3 Bd6 41. Nc4 Bc7 42. Kg2 (42. Rd3 $142) 42... Re6 $17 {[%emt 0:00:30] Black is clearly better.} 43. Kf1 Rxe1+ 44. Kxe1 f5 45. Rd3 {[%emt 0:00:59] Weighted Error Value: White=0.26 (precise) /Black=0.20 (precise) .  Missed win:     	White=1     	---        Mistake:       	White=3     	Black=5      Inaccurate:     	White=7     	Black=4      OK:         	White=13    	Black=13     Best:        	White=3     	Black=3} 1/2-1/2